 Dungeon Crawl Stone Soup version 0.28-a0-465-ge2dae52223 (webtiles) character file.

Game seed: 17844314874194960162

1120 heikuro the Digger (level 8, -21/52 HPs)
             Began as a Formicid Earth Elementalist on Sept 14, 2021.
             Demolished by a two-headed ogre (26 damage)
             ... on level 6 of the Dungeon.
             The game lasted 00:18:27 (8224 turns).

heikuro the Digger (Formicid Earth Elementalist)    Turns: 8224, Time: 00:18:27

Health: -21/52     AC:  4    Str: 19    XL:     8   Next: 60%
Magic:  3/14       EV: 12    Int: 17    God:
Gold:   335        SH:  0    Dex: 11    Spells: 3/16 levels left

rFire   . . .      SeeInvis +   d - +0 short sword
rCold   . . .      Faith    .   (no shield)
rNeg    . . .      Spirit   .   b - +0 robe
rPois   .          Reflect  .   (helmet unavailable)
rElec   .          Harm     .   (no cloak)
rCorr   .          Rampage  .   u - +1 pair of gloves
Will    .....                   (no boots)
Stlth   +.........              (no amulet)
HPRegen 0.17/turn               r - +6 ring of strength
MPRegen 0.14/turn               (no ring)

@: lit by a corona, glowing
A: permanent stasis, dig shafts and tunnels, antennae 3, four strong arms
a: Dig, Shaft Self


You were on level 6 of the Dungeon.
You visited 1 branch of the dungeon, and saw 6 of its levels.
You also visited: Sewer.

You collected 335 gold pieces.

Inventory:

Hand Weapons
 d - a +0 short sword (weapon)
Missiles
 c - 88 stones
 p - 2 throwing nets
Armour
 a - a +0 kite shield
 b - a +0 robe (worn)
 u - a +1 pair of gloves (worn)
Jewellery
 r - a +6 ring of strength (left hand)
Wands
 m - a wand of flame (21)
Scrolls
 e - 2 scrolls of magic mapping {unknown}
 f - 2 scrolls of torment {unknown}
 g - 2 scrolls of identify
 j - a scroll of noise {unknown}
 k - a scroll of enchant weapon {unknown}
 l - a scroll of summoning {unknown}
 o - a scroll of fog {unknown}
 q - a scroll of silence {unknown}
 v - a scroll of immolation {unknown}
Potions
 h - 2 potions of flight
 i - 2 potions of curing
 n - 4 potions of lignification
 s - a potion of resistance
 t - a potion of attraction {unknown}
 w - a potion of haste {unknown}
 x - a potion of brilliance {unknown}
Miscellaneous
 y - a piece from Xom's chessboard (15/15)


   Skills:
 - Level 2.0 Dodging
 - Level 4.0 Stealth
 + Level 4.3 Shields
 + Level 4.5 Spellcasting
 - Level 4.0 Transmutations
 * Level 7.7 Earth Magic
 + Level 3.4 Poison Magic


You had 3 spell levels left.
You knew the following spells:

 Your Spells              Type           Power      Damage    Failure   Level
a - Sandblast             Erth           60%        2d14      1%          1
b - Stone Arrow           Conj/Erth      32%        3d9       10%         3
c - Petrify               Tmut/Erth      23%        N/A       14%         4
d - Wereblood             Tmut           17%        N/A       4%          2
e - Spider Form           Tmut/Pois      8%         N/A       10%         3

Your spell library contained the following spells:

 Spells                   Type           Power      Damage    Failure   Level
 Passwall                 Tmut/Erth      19%        N/A       1%          2
 Beastly Appendage        Tmut           34%        N/A       3%          1
 Static Discharge         Conj/Air       3%         N/A       22%         2
 Animate Armour           Summ/Erth      32%        N/A       30%         4
 Blade Hands              Tmut           8%         N/A       63%         5
 Dispel Undead            Necr           3%         3d7       83%         4
 Sticky Flame             Conj/Fire      3%         2d3       83%         4
 Iron Shot                Conj/Erth      8%         9d3       99%         6


Dungeon Overview and Level Annotations

Branches:
Dungeon (6/15)              Sewer (visited)
 Temple: D:4-7

Altars:
Cheibriados
Okawaru
Zin


Innate Abilities, Weirdness & Mutations

You cannot be hasted, slowed, berserked, paralysed or teleported.
You can dig through walls and to a lower floor.
You have a pair of large antennae on your head. (SInv)
Your four strong arms can wield two-handed weapons with a shield.


Message History

The two-headed ogre is moderately wounded.
Unknown command.
Casting: Sandblast (safe; 1% risk of failure)
Confirm with . or Enter, or press ? or * to list all spells.
Aiming: Sandblast (safe; 1% risk of failure)
Press: ? - help, Shift-Dir - straight line, f/p - two-headed ogre
Aim: a two-headed ogre, wielding two +0 giant clubs (moderately wounded, 91% to hit)
The blast of sand hits the two-headed ogre!
The two-headed ogre is severely wounded.
Unknown command.
Casting: Sandblast (safe; 1% risk of failure)
Confirm with . or Enter, or press ? or * to list all spells.
Aiming: Sandblast (safe; 1% risk of failure)
Press: ? - help, Shift-Dir - straight line, f/p - two-headed ogre
Aim: a two-headed ogre, wielding two +0 giant clubs (severely wounded, 91% to hit)
The blast of sand misses the two-headed ogre.
The blast of sand hits the gnoll.
The gnoll is moderately wounded.
The two-headed ogre hits you with a +0 giant club!
The two-headed ogre closely misses you.
Casting: Sandblast (safe; 1% risk of failure)
Confirm with . or Enter, or press ? or * to list all spells.
Aiming: Sandblast (safe; 1% risk of failure)
Press: ? - help, Shift-Dir - straight line, f/p - two-headed ogre
Aim: a two-headed ogre, wielding two +0 giant clubs (severely wounded, 91% to hit)
The blast of sand hits the two-headed ogre!
The two-headed ogre is almost dead.
The two-headed ogre hits you with a +0 giant club! x2
* * * LOW HITPOINT WARNING * * *
Casting: Sandblast (safe; 1% risk of failure)
Confirm with . or Enter, or press ? or * to list all spells.
Aiming: Sandblast (safe; 1% risk of failure)
Press: ? - help, Shift-Dir - straight line, f/p - two-headed ogre
Aim: a two-headed ogre, wielding two +0 giant clubs (severely wounded, 91% to hit)
The blast of sand hits the two-headed ogre!
The two-headed ogre is almost dead.
The two-headed ogre completely misses you.
The two-headed ogre hits you with a +0 giant club!!
Ouch! That really hurt!
You die...

#.............#
#.............#
#.............#
######)########
#g# #g# #.# #O#
#@# #.#########
#.#........
#..........
###.####### #.#
#.# ### #.# #<#
#.#


You could see a two-headed ogre and 2 gnolls.

Vanquished Creatures
  Menkaure (D:5)
  An ice beast (D:6)
  A black bear (D:4)
  An ogre (D:5)
  2 bullfrogs (Sewer)
  2 orc priests (D:5)
  2 hounds
  2 iguanas
  A gnoll shaman (D:6)
  An orc wizard (D:5)
  2 hound skeletons (D:5)
  A river rat (D:3)
  13 adders
  5 gnolls
  An ufetubus (D:3)
  4 worms
  A dart slug (D:5)
  14 orcs
  18 ball pythons
  14 endoplasms
  10 giant cockroaches
  13 goblins
  11 hobgoblins
  14 quokkas
  4 bats
  12 frilled lizards
  9 kobolds
  6 rats
166 creatures vanquished.

Notes
Turn   | Place    | Note
-------+----------+-------------------------------------------
     0 | D:1      | heikuro the Formicid Earth Elementalist began the quest for
                  | the Orb.
     0 | D:1      | Reached XP level 1. HP: 13/13 MP: 3/3
   372 | D:1      | Reached XP level 2. HP: 11/19 MP: 5/5
   533 | D:1      | Reached skill level 4 in Earth Magic
   630 | D:1      | Reached XP level 3. HP: 20/24 MP: 6/6
  1288 | D:2      | Reached skill level 1 in Shields
  1581 | D:2      | Reached XP level 4. HP: 30/30 MP: 4/7
  1640 | D:2      | Found a faded altar of an unknown god.
  2053 | D:2      | You fall into a shaft and drop 1 floor!
  2058 | D:3      | Learned a level 3 spell: Stone Arrow
  2110 | D:3      | Found a glowing drain.
  2118 | Sewer    | Entered a sewer
  2121 | Sewer    | Reached XP level 5. HP: 23/35 MP: 3/9
  3167 | Sewer    | Reached skill level 5 in Earth Magic
  3431 | Sewer    | Noticed a bullfrog
  3438 | Sewer    | Killed a bullfrog
  3439 | Sewer    | Reached XP level 6. HP: 22/41 MP: 5/10
  4325 | D:3      | Learned a level 4 spell: Petrify
  4329 | D:3      | Learned a level 2 spell: Wereblood
  4728 | D:3      | Reached XP level 7. HP: 46/46 MP: 9/12
  4914 | D:3      | Learned a level 3 spell: Spider Form
  4954 | D:3      | HP: 1/46 [worm (11)]
  5542 | D:4      | Found an iron altar of Okawaru.
  5670 | D:4      | Reached skill level 6 in Earth Magic
  5808 | D:4      | Reached skill level 1 in Poison Magic
  5918 | D:4      | Found a snail-covered altar of Cheibriados.
  6411 | D:4      | Found a glowing silver altar of Zin.
  6594 | D:5      | Entered Level 5 of the Dungeon
  6917 | D:5      | Reached XP level 8. HP: 20/52 MP: 8/14
  7182 | D:5      | Reached skill level 7 in Earth Magic
  7325 | D:5      | Noticed Menkaure
  7342 | D:5      | Killed Menkaure
  8197 | D:6      | Noticed a two-headed ogre
  8224 | D:6      | Demolished by a two-headed ogre

Illustrated notes

Levels and vault maps discovered:
D:1:      dpeg_arrival_boxes_within_box, layout_rooms, minmay_misc_feat_tower
D:2:      layout_loops_corners, shapermc_ecumenical_altar_totnotflames,
          minmay_unequal
D:3:      kennysheep_six_static_rooms, layout_loops_ring,
          lightli_sewer_entry_pipes
D:4:      layout_gridville, zin_statuary, okawaru_ov_weapons_minmay,
          mainiacjoe_overflow_24_doors, chequers_garden, serial_park_tiny_2,
          minmay_goblin_outpost
D:5:      layout_gridville, hellmonk_bongcloud_opening, kennysheep_diamond,
          uniq_menkaure
D:6:      layout_basic, mainiacjoe_overflow_divided_tiny,
          mainiacjoe_overflow_surrounded_room, solitary_fountain,
          corexii_leaking_fountain

Skill      XL: |  1  2  3  4  5  6  7  8 |
---------------+-------------------------+-----
Dodging        | 2 |  2.0
Earth Magic    | 4 5 6 7 |  7.7
Stealth        | 3 4 |  4.0
Shields        | 1 2 3 4 |  4.3
Transmutations | 2 3 4 |  4.0
Spellcasting   | 3 4 |  4.5
Poison Magic   | 2 3 |  3.4

Action                   |  1- 3 |  4- 6 |  7- 9 || total
-------------------------+-------+-------+-------++-------
Melee: Short sword       |    65 |   226 |    93 ||   384
 Cast: Sandblast         |    21 |    49 |    77 ||   147
       Wereblood         |       |     2 |     2 ||     4
       Stone Arrow       |       |       |     8 ||     8
  Use: Scroll            |       |       |     5 ||     5
 Stab: Sleeping          |     1 |     4 |       ||     5
Armor: Robe              |    19 |    41 |    30 ||    90
Dodge: Dodged            |    62 |   180 |    80 ||   322

Table legend: (Time is in decaauts)
 A = Elapsed time spent in this place.
 B = Non-inter-level travel time spent in this place.
 C = Inter-level travel time spent in this place.
 D = Time resting spent in this place.
 E = Time spent auto-exploring this place.
 F = Levels seen in this place.
 G = Mean time per level.
                   A        B        C        D        E       F      G
               +--------+--------+--------+--------+--------+-----+--------+
         Total |   8435 |   8175 |    260 |   3147 |   2875 |   7 | 1205.0 |
       Dungeon |   6590 |   6330 |    260 |   2018 |   2708 |   6 | 1098.3 |
         Sewer |   1845 |   1845 |      0 |   1129 |    167 |   1 | 1845.0 |
               +--------+--------+--------+--------+--------+-----+--------+

Top non-repeatable levels by time:
   Sewer: 1845 daAuts
     D:3: 1601 daAuts
     D:2: 1378 daAuts
     D:4: 1326 daAuts
     D:5: 1195 daAuts
     D:1: 950 daAuts
     D:6: 137 daAuts
